 Dungeon Crawl Stone Soup version 0.18.1-8-gdd0e5ea (webtiles) character file.

5349 shmeve the Blocker (level 10, -2/136 HPs)
             Began as a Minotaur Berserker on May 27, 2016.
             Was a High Priest of Trog.
             Slain by Maud
             ... wielding a +3 war axe of chopping
              (18 damage)
             ... on level 11 of the Dungeon.
             The game lasted 00:12:19 (7114 turns).

shmeve the Blocker (Minotaur Berserker)             Turns: 7114, Time: 00:12:19

Health: -2/136     AC: 12    Str: 30    XL:     10   Next: 38%
Magic:  9/9        EV: 10    Int:  4    God:    Trog [*****.]
Gold:   61         SH: 15    Dex: 10    Spells: 0 memorised, 9 levels left

rFire  . . .     SeeInvis .     s - +0 broad axe
rCold  + . .     Gourm    .     E - +0 chain mail
rNeg   . . .     Faith    .     v - +2 shield of Untold Secrets {rC+ MR+}
rPois  .         Spirit   .     (helmet restricted)
rElec  .         Dismiss  .     i - +0 cloak
rCorr  .         Reflect  .     (no gloves)
SustAt .         Harm     .     C - +0 pair of boots (curse)
MR     ++...                    (no amulet)
Stlth  ..........               b - ring of flight
                                h - ring of protection from magic

@: berserking, drained, very quick, very resistant to hostile enchantments,
extremely unstealthy
A: retaliatory headbutt, horns 2
a: Berserk, Trog's Hand, Brothers in Arms, Burn Spellbooks, Renounce Religion,
Evoke Flight


You were on level 11 of the Dungeon.
You worshipped Trog.
Trog was extremely pleased with you.
You were hungry.

You visited 1 branch of the dungeon, and saw 9 of its levels.

You collected 150 gold pieces.
You spent 89 gold pieces at shops.

Inventory:

Hand Weapons
 s - a +0 broad axe (weapon)
Armour
 i - a +0 cloak (worn)
 v - the +2 shield of Untold Secrets (worn) {rC+ MR+}
   (You found it on level 4 of the Dungeon)

   It protects you from cold.
   It affects your resistance to hostile enchantments.
 C - a cursed +0 pair of boots (worn)
 E - a +0 chain mail (worn)
Jewellery
 b - a ring of flight (right hand)
 h - a ring of protection from magic (left hand)
Wands
 w - a wand of slowing (28/48)
 I - a wand of lightning (3/15)
Scrolls
 d - a scroll of immolation {unknown}
 f - 2 scrolls of magic mapping {unknown}
 g - 7 scrolls of identify {unknown}
 n - 4 scrolls of remove curse
 p - a scroll of recharging {unknown}
 q - 2 scrolls of enchant armour {unknown}
 r - a scroll of fear {unknown}
 y - 2 scrolls of enchant weapon {unknown}
 z - a scroll of amnesia {unknown}
 A - 2 scrolls of blinking {unknown}
 B - 2 scrolls of teleportation {unknown}
 D - a scroll of noise {unknown}
Potions
 a - 3 potions of invisibility {unknown}
 e - a potion of mutation {unknown}
 j - a potion of resistance {unknown}
 k - 3 potions of curing {unknown}
 l - a potion of degeneration {unknown}
 m - a potion of agility {unknown}
 o - 2 potions of lignification {unknown}
 t - a potion of haste {unknown}
 x - a potion of ambrosia {unknown}
 G - 3 potions of flight {unknown}
 L - 2 potions of brilliance {unknown}
 M - a potion of heal wounds {unknown}
Comestibles
 c - 6 bread rations
 u - 3 fruits
 F - 3 meat rations
 H - 8 slices of pizza
 J - 2 chunks of flesh
 K - 2 beef jerkies


   Skills:
 * Level 9.5(9.3) Fighting
 * Level 9.1(8.9) Axes
 + Level 6.5(6.3) Armour
 + Level 6.1(5.9) Dodging
 * Level 10.9(10.7) Shields


You had 9 spell levels left.
You didn't know any spells.

Dungeon Overview and Level Annotations

Branches:
Dungeon (8/15)             Temple (0/1) D:4             Orc (0/2) D:11
   Lair: D:8-11

Altars:
Ashenzari
Dithmenos
Elyvilon
Fedhas
Kikubaaqudgha
Makhleb
Nemelex Xobeh
Okawaru
Ru
Sif Muna
Trog
Vehumet
Xom
Yredelemnul

Shops:
D:6 ([   D:8 ?   D:11 [

Annotations:
D:8 Maurice
D:11 Maud


Innate Abilities, Weirdness & Mutations

You reflexively headbutt those who attack you in melee.
You have a pair of horns on your head.


Message History

You are feeling hungry.
You block Maud's attack. You block the hill giant's attack.
The wyvern bites you but does no damage.
You barely miss Maud. You headbutt Maud.
Maud is moderately wounded.
You slash the hill giant!
The hill giant is heavily wounded.
You barely miss the wyvern.
The wyvern is heavily wounded.
You block the wyvern's attack. You block Maud's attack.
You slice Maud!!
Maud is moderately wounded.
You hit the hill giant.
The hill giant is heavily wounded.
You completely miss the wyvern.
The wyvern is heavily wounded.
You block the wyvern's attack. You block the hill giant's attack.
Maud screams, "Your life or 'Entarex'!
You must choose!"
Maud hits you with a war axe of chopping!!
You die...

#..# #.# #.. #..# #.#
#.. #..# #.# #.. #..#
#.# #.. # #..# #.# #..
#.#####..# #.# #..
#$.......#######.# #..
........†........#####..
......@@................
#......Cl...............
#.........######........
#.......!.# #..####..
#.........# #..# #..
#.........# #..# #..
#.........# #..# #..
#.........# #..# #..
#..# #..


You could see Maud, a hill giant and a wyvern.

Vanquished Creatures
  An orc knight (D:11)
  3 centaur skeletons (D:11)
  5 yaks (D:7)
  A human (D:7)
  Grum (D:8)
  5 orc warriors
  2 phantoms
  The ghost of RayneProwler the Skirmisher, an amateur HOFi of Dithmenos (D:3)
  2 necrophages (D:8)
  4 wolves (D:8)
  6 centaurs
  6 giant frogs
  A big kobold (D:7)
  A wyvern zombie (D:11)
  2 scorpions
  A howler monkey (D:5)
  3 crimson imps
  Crazy Yiuf (D:6)
  2 hounds (D:4)
  A jelly (D:8)
  3 orc priests
  2 giant frog skeletons
  4 orc wizards
  6 worker ants
  3 iguanas
  4 sheep (D:7)
  A hound skeleton (D:7)
  3 gnolls (D:2)
  2 worker ant zombies (D:5)
  5 adders
  A shadow imp (D:7)
  An adder skeleton (D:8)
  2 worms
  2 dart slugs
  5 giant geckos
  29 orcs
  5 bats
  5 giant cockroaches
  4 goblins
  5 hobgoblins
  5 jackals
  4 quokkas
  2 ball pythons
  2 giant newts (D:1)
  12 kobolds
  A quokka skeleton (D:6)
  9 rats
176 creatures vanquished.

Vanquished Creatures (others)
  A quokka (D:8)
1 creature vanquished.

Grand Total: 177 creatures vanquished

Notes
Turn   | Place    | Note
--------------------------------------------------------------
     0 | D:1      | shmeve the Minotaur Berserker began the quest for the Orb.
     0 | D:1      | Reached XP level 1. HP: 19/19 MP: 0/0
   499 | D:1      | Reached XP level 2. HP: 19/27 MP: 1/1
   997 | D:2      | Reached ** piety under Trog
   997 | D:2      | Reached XP level 3. HP: 29/33 MP: 2/2
  1094 | D:2      | Found a sacrificial altar of Ru.
  1127 | D:2      | Reached XP level 4. HP: 40/41 MP: 3/3
  1612 | D:2      | Found an ancient bone altar of Kikubaaqudgha.
  1781 | D:3      | Noticed RayneProwler's ghost (amateur HOFi)
  1793 | D:3      | Killed RayneProwler's ghost
  1793 | D:3      | Reached skill level 5 in Fighting
  1793 | D:3      | Reached skill level 5 in Axes
  1793 | D:3      | Reached XP level 5. HP: 18/48 MP: 4/4
  2052 | D:3      | Found a burning altar of Makhleb.
  2176 | D:3      | Found a blossoming altar of Fedhas.
  2484 | D:4      | Found a shimmering altar of Xom.
  2517 | D:4      | Found a deep blue altar of Sif Muna.
  2835 | D:4      | Reached XP level 6. HP: 52/56 MP: 5/5
  2930 | D:4      | Got a crude shield
  2958 | D:4      | Reached *** piety under Trog
  2977 | D:4      | Reached skill level 2 in Shields
  3522 | D:4      | Found a staircase to the Ecumenical Temple.
  3638 | D:5      | Entered Level 5 of the Dungeon
  3797 | D:5      | Reached skill level 3 in Shields
  3801 | D:5      | Reached skill level 4 in Shields
  3805 | D:5      | Reached XP level 7. HP: 61/61 MP: 6/6
  3881 | D:5      | Reached skill level 5 in Shields
  3892 | D:5      | Identified the +2 shield of Untold Secrets {rC+ MR+} (You found it on level 4 of the Dungeon)
  4035 | D:5      | Reached skill level 6 in Shields
  4209 | D:5      | Found a radiant altar of Vehumet.
  4320 | D:5      | Received a gift from Trog
  4455 | D:6      | Found Norch's Armour Boutique.
  4460 | D:6      | Bought a cursed +0 pair of boots for 22 gold pieces
  4460 | D:6      | Bought a +0 chain mail for 67 gold pieces
  4496 | D:6      | Reached skill level 7 in Shields
  4616 | D:6      | Noticed Crazy Yiuf
  4621 | D:6      | Killed Crazy Yiuf
  4697 | D:6      | Found Doloix's Antique Weapon Emporium.
  4709 | D:6      | Reached skill level 8 in Shields
  4709 | D:6      | Reached XP level 8. HP: 63/69 MP: 7/7
  4846 | D:6      | Found a shadowy altar of Dithmenos.
  4980 | D:6      | Found a shattered altar of Ashenzari.
  4980 | D:6      | Found a basalt altar of Yredelemnul.
  5150 | D:7      | Found a sparkling altar of Nemelex Xobeh.
  5237 | D:7      | Reached **** piety under Trog
  5561 | D:7      | Reached skill level 9 in Shields
  5567 | D:7      | Reached XP level 9. HP: 44/79 MP: 8/8
  5567 | D:7      | Reached skill level 5 in Armour
  5573 | D:7      | Reached skill level 5 in Dodging
  5850 | D:7      | Found an iron altar of Okawaru.
  6092 | D:8      | Found Miujahug's Magic Scroll Boutique.
  6117 | D:8      | Found a white marble altar of Elyvilon.
  6136 | D:8      | Noticed Grum
  6144 | D:8      | Noticed Maurice
  6145 | D:8      | Reached skill level 10 in Shields
  6149 | D:8      | Killed Grum
  6414 | D:8      | You fall through a shaft for 3 floors!
  6414 | D:11     | Found Ute Wiov's Armour Shoppe.
  6414 | D:11     | Noticed an orc knight
  6418 | D:11     | Found a staircase to the Orcish Mines.
  6426 | D:11     | Killed an orc knight
  6426 | D:11     | Reached XP level 10. HP: 69/90 MP: 9/9
  6971 | D:11     | Found a bloodstained altar of Trog.
  7076 | D:11     | Reached ***** piety under Trog
  7104 | D:11     | Noticed a hill giant
  7104 | D:11     | Noticed Maud
  7114 | D:11     | Slain by Maud

Skill      XL: |  1  2  3  4  5  6  7  8  9 10 |
---------------+-------------------------------+-----
Fighting       | 4 5 7 8 9 |  9.5
Axes           | 4 5 6 8 9 |  9.1
Dodging        | 3 4 5 6 |  6.1
Armour         | 3 4 5 6 |  6.5
Shields        | 4 8 9 10 | 10.9

Action                   |  1- 3 |  4- 6 |  7- 9 | 10-12 || total
-------------------------+-------+-------+-------+-------++-------
Melee: Hand axe          |    63 |    27 |       |       ||    90
       Headbutt          |     7 |    23 |    41 |    13 ||    84
       Broad axe         |       |    79 |   217 |    46 ||   342
Invok: Berserk           |     1 |     2 |     2 |     2 ||     7
       Trog's Hand       |       |       |     2 |       ||     2
       Burn Spellbooks   |       |       |     1 |       ||     1
Evoke: Wand              |       |       |     2 |       ||     2
  Use: Scroll            |       |       |     2 |       ||     2
 Stab: Sleeping          |       |     1 |       |       ||     1
  Eat: Chunk             |     1 |     6 |     9 |     1 ||    17
       Bread ration      |       |     1 |       |       ||     1
       Meat ration       |       |       |     1 |       ||     1
Armor: Animal skin       |    14 |    16 |       |       ||    30
       Scale mail        |       |     3 |    12 |       ||    15
       Chain mail        |       |       |    92 |    25 ||   117
Dodge: Dodged            |    44 |    60 |    94 |    18 ||   216
Block: Shield            |       |       |   156 |    51 ||   207
